 Dungeon Crawl Stone Soup version 0.19.0-2-gae57169 (webtiles) character file.

490 Helmschank the Chopper (level 7, -1/61 HPs)
             Began as a Hill Orc Abyssal Knight on Nov 6, 2016.
             Was a Priest of Lugonu.
             Slain by Nachomamma0's ghost (5 damage)
             ... on level 4 of the Dungeon.
             The game lasted 00:18:17 (4331 turns).

Helmschank the Chopper (Hill Orc Abyssal Knight)    Turns: 4331, Time: 00:18:17

Health: -1/61      AC: 10    Str: 16    XL:     7   Next: 14%
Magic:  11/11      EV:  6    Int: 12    God:    Lugonu [***...]
Gold:   255        SH:  0    Dex: 11    Spells: 0 memorised, 6 levels left

rFire  . . .     SeeInvis .     a - +0 war axe
rCold  . . .     Gourm    .     r - +0 chain mail
rNeg   . . .     Faith    .     (no shield)
rPois  .         Spirit   .     (no helmet)
rElec  .         Reflect  .     y - +1 cloak
rCorr  .         Harm     .     (no gloves)
MR     .....                    (no boots)
Stlth  ..........               v - amulet of rage
                                (no ring)
                                (no ring)

@: no status effects
A: no striking features
a: Depart the Abyss, Bend Space, Banish, Renounce Religion, Evoke Berserk Rage


You were on level 4 of the Dungeon.
You worshipped Lugonu.
Lugonu was most pleased with you.
You were hungry.

You visited 1 branch of the dungeon, and saw 4 of its levels.
You visited the Abyss 1 time.

You collected 255 gold pieces.

Inventory:

Hand Weapons
 a - a +0 war axe (weapon)
 w - a +1 hand axe
Missiles
 l - 38 bolts
 C - 8 poisoned needles
 U - 84 stones (quivered)
Armour
 b - a +0 leather armour
 m - a +0 ring mail
 r - a +0 chain mail (worn)
 y - a +1 cloak (worn)
Jewellery
 v - an amulet of rage (around neck)
Wands
 j - a wand of random effects (23/48)
 k - a wand of slowing (17/48)
 p - a wand of slowing (37/48)
Scrolls
 i - 2 scrolls of remove curse
 o - a scroll of enchant armour
Potions
 d - 3 potions of agility
 e - 2 potions of brilliance
 h - a potion of might
 q - a potion of curing
 s - a potion of cure mutation
 t - a potion of invisibility {unknown}
 u - a potion of flight {unknown}
Comestibles
 c - 3 bread rations
 f - a meat ration
 g - a chunk of flesh
 A - a beef jerky


   Skills:
 + Level 5.4 Fighting
 - Level 6.6 Axes
 - Level 2.1 Armour
 - Level 0.7 Dodging
 + Level 6.3 Invocations


You had 6 spell levels left.
You didn't know any spells.

Dungeon Overview and Level Annotations

Branches:
Dungeon (4/15)
 Temple: D:4-7

Altars:

Shops:
D:4 }

Annotations:
D:4 Nachomamma0's ghost, amateur HOFi


Message History

You barely miss Nachomamma0's ghost.
Nachomamma0's ghost is severely damaged.
Nachomamma0's ghost barely misses you.
You hit Nachomamma0's ghost but do no damage.
Nachomamma0's ghost is severely damaged.
Nachomamma0's ghost hits you!
* * * LOW HITPOINT WARNING * * *
You slash Nachomamma0's ghost!
Nachomamma0's ghost is almost destroyed.
Nachomamma0's ghost hits you but does no damage.
You hit Nachomamma0's ghost.
Nachomamma0's ghost is almost destroyed.
You are feeling hungry.
Nachomamma0's ghost hits you but does no damage.
Your chain mail prevents you from hitting Nachomamma0's ghost.
Nachomamma0's ghost is almost destroyed.
Nachomamma0's ghost hits you.
* * * LOW HITPOINT WARNING * * *
Nachomamma0's ghost hits you.
You die...

#. #.## ..#... #. ###..#
...... #.## #....#
##...... ..#
#....###..(.... #.#
#....#.....((((
#.####..........#...
#####...........##..# .#
#......##......###...#
#......@WZ.............
#..<...###..............
#####.## #............##
#.# #...........!. #.#
####........ #.#
#........ #.# #........
... ...#### ...


You could see Nachomamma0's ghost and a centaur skeleton.

Vanquished Creatures
  A scorpion (D:3)
  3 orc priests (D:3)
  An iguana (D:4)
  Ijyb (D:2)
  A worker ant (D:4)
  Natasha (thrice) (D:2)
  4 gnolls (D:3)
  5 adders
  2 oozes
  5 worms
  3 leopard geckos
  11 orcs (D:3)
  A ball python (D:3)
  4 giant cockroaches
  6 goblins
  8 hobgoblins
  8 jackals
  5 kobolds
  3 quokkas (D:3)
  6 bats
  A frilled lizard (D:1)
  6 rats
88 creatures vanquished.

Notes
Turn   | Place    | Note
-------+----------+-------------------------------------------
     0 | Abyss:1  | Helmschank the Hill Orc Abyssal Knight began the quest for the Orb.
     0 | Abyss:1  | Reached XP level 1. HP: 19/19 MP: 2/2
   137 | D:1      | Escaped the Abyss
   354 | D:1      | Reached XP level 2. HP: 22/26 MP: 3/3
   835 | D:2      | Reached XP level 3. HP: 27/31 MP: 5/5
  1185 | D:2      | Reached ** piety under Lugonu
  1221 | D:2      | Reached XP level 4. HP: 36/39 MP: 6/6
  1295 | D:2      | Reached skill level 5 in Axes
  1310 | D:2      | Noticed Ijyb
  1360 | D:2      | Killed Ijyb
  1721 | D:2      | Noticed Natasha
  1745 | D:2      | Killed Natasha
  1745 | D:2      | Reached XP level 5. HP: 14/45 MP: 8/8
  2012 | D:2      | Noticed Natasha
  2019 | D:2      | Killed Natasha
  2049 | D:2      | Noticed Natasha
  2060 | D:2      | Killed Natasha
  2398 | D:3      | Reached XP level 6. HP: 25/52 MP: 9/9
  2424 | D:3      | Reached *** piety under Lugonu
  2745 | D:3      | Reached skill level 5 in Invocations
  3048 | D:3      | Found a faded altar of an unknown god.
  4007 | D:4      | Found Uneproask's Gadget Emporium.
  4020 | D:3      | Reached skill level 5 in Fighting
  4020 | D:3      | Reached XP level 7. HP: 54/61 MP: 11/11
  4295 | D:4      | Noticed Nachomamma0's ghost (amateur HOFi)
  4331 | D:4      | Slain by Nachomamma0's ghost

Skill      XL: |  1  2  3  4  5  6 |
---------------+-------------------+-----
Axes           | 3 4 5 6 |  6.6
Invocations    | 3 4 6 |  6.3
Fighting       | 4 5 |  5.4
Armour         | |  2.1
Dodging        | |  0.7

Action                   |  1- 3 |  4- 6 |  7- 9 || total
-------------------------+-------+-------+-------++-------
Melee: Hand axe          |   115 |   126 |       ||   241
       War axe           |       |    96 |    45 ||   141
Throw: Stone             |    31 |    52 |    20 ||   103
       Tomahawk          |     2 |    24 |       ||    26
  Use: Scroll            |       |       |    11 ||    11
  Eat: Chunk             |     1 |     8 |     2 ||    11
Armor: Leather armour    |     7 |       |       ||     7
       Ring mail         |    28 |    13 |       ||    41
       Chain mail        |       |    93 |    18 ||   111
Dodge: Dodged            |    68 |    67 |    17 ||   152
